 Dungeon Crawl Stone Soup version 0.17-a0-226-ge260c71 (webtiles) character file.

231 Kisielow the Conjurer (level 5, -6/28 HPs)
             Began as a Deep Elf Conjurer on Mar 28, 2015.
             Killed from afar by a white imp (9 damage)
             ... with a puff of frost
             ... summoned by Natasha
             ... on level 3 of the Dungeon.
             The game lasted 00:09:28 (2450 turns).

Kisielow the Conjurer (Deep Elf Conjurer)           Turns: 2450, Time: 00:09:28

Health: -6/28      AC: 10    Str:  5    XL:     5   Next: 73%
Magic:  2/16       EV: 13    Int: 21    God:
Gold:   157        SH:  0    Dex: 15    Spells: 3 memorised, 2 levels left

rFire  . . .     SeeInvis .     m - +1 dagger (protect)
rCold  . . .     Clarity  .     t - +2 robe {rN+}
rNeg   + . .     SustAb   .     (no shield)
rPois  .         Gourm    .     (no helmet)
rElec  .         Spirit   .     a - +0 cloak
rCorr  .         Warding  .     (no gloves)
rMut   .         Stasis   .     (no boots)
MR     .....                    s - amulet of faith
Stlth  ++........               (no ring)
                                (no ring)

@: slowed, very slow, not resistant to hostile enchantments, unstealthy
A: no striking features
a: no special abilities


You were on level 3 of the Dungeon.
You were not hungry.

You visited 1 branch of the dungeon, and saw 4 of its levels.

You collected 157 gold pieces.

Inventory:

Hand weapons
 m - a +1 dagger of protection (weapon)
Armour
 a - a +0 cloak (worn)
 t - a +2 robe of positive energy (worn)
Jewellery
 s - an amulet of faith (around neck)
Scrolls
 k - 2 scrolls of identify {unknown}
 l - 3 scrolls of enchant armour {unknown}
 p - 2 scrolls of recharging {unknown}
 r - a scroll of enchant weapon {unknown}
 u - a scroll of remove curse {unknown}
Potions
 d - 4 potions of agility {unknown}
 e - a potion of curing {unknown}
 h - 3 potions of invisibility {unknown}
 i - 2 potions of heal wounds {unknown}
 j - a potion of magic {unknown}
 n - a potion of ambrosia {unknown}
 v - 2 potions of poison {unknown}
 w - a potion of cancellation {unknown}
Books
 c - a book of Conjurations

   Spells                             Type                      Level
   a - Magic Dart                     Conjuration                  1
   b - Searing Ray                    Conjuration                  2
   c - Dazzling Spray                 Conjuration/Hexes            3
   d - Fulminant Prism                Conjuration/Hexes            4
   e - Iskenderun's Mystic Blast      Conjuration                  4
   f - Iskenderun's Battlesphere      Conjuration/Charms           5
Comestibles
 b - 3 bread rations
 f - 17 chunks of flesh
 g - a beef jerky
 o - a meat ration
 q - 3 fruits


   Skills:
 - Level 2.4 Dodging
 - Level 2.4 Stealth
 - Level 3.0 Spellcasting
 - Level 7.0 Conjurations
 * Level 4.0 Charms


You had 2 spell levels left.
You knew the following spells:

 Your Spells              Type           Power        Failure   Level  Hunger
a - Magic Dart            Conj           ####         1%          1    None
b - Searing Ray           Conj           ####..       1%          2    ##.....
c - Iskenderun's Battles  Conj/Chrm      ####....     41%         5    ######.


Dungeon Overview and Level Annotations

Branches:
Dungeon (4/15)
 Temple: D:4-7

Altars:
Ashenzari
Cheibriados
Dithmenos
Okawaru
Sif Muna

Annotations:
D:3 Natasha


Message History

The searing ray hits the gnoll.
You kill the gnoll!
Your Charms skill increases to level 4!
Natasha hisses angrily.
Natasha casts a spell.
Without enough magic to sustain it, your searing ray dissipates.
Natasha casts a spell.
Natasha mumbles some strange words.
The white imp gestures at you. The puff of frost hits you!
The white imp gestures at you. The puff of frost hits you!
The white imp gestures at you. The puff of frost hits you!
* * * LOW HITPOINT WARNING * * *
Natasha stares at you and mumbles some strange words.
You feel yourself slow down.
Natasha mewls in sadness.
The white imp gestures at you. The puff of frost hits you!
You die...

#.......h..gh#
#.##)# ####5##>#
########...5..5#
#..........h##### .#
#.######)..5....##..
.# #.# #............
.# ###.###
#.#...##.###.
.###.....####.#.@##
# .....###.....(...#
.#...# #.###.....#
.#.#.# #.##.#.#..#
.#.#.....#........#
.#.#######..#.#...#
...# #.#........
.### #. #....... .#
#. #####.##


You could see Natasha, 2 white imps and a shadow imp.

Vanquished Creatures
  5 adders
  7 gnolls (D:3)
  3 worms
  A giant mite (D:2)
  3 giant geckos
  2 oozes
  10 orcs (D:3)
  6 bats
  2 giant cockroaches
  11 hobgoblins
  4 jackals (D:2)
  9 kobolds
  2 ball pythons
  2 giant newts
  11 goblins
  2 quokkas (D:2)
  6 rats
86 creatures vanquished.

Notes
Turn   | Place    | Note
--------------------------------------------------------------
     0 | D:1      | Kisielow, the Deep Elf Conjurer, began the quest for the Orb.
     0 | D:1      | Reached XP level 1. HP: 10/10 MP: 5/5
   192 | D:1      | Found a shattered altar of Ashenzari.
   197 | D:1      | Reached XP level 2. HP: 15/15 MP: 3/8
   203 | D:1      | Learned a level 2 spell: Searing Ray
   263 | D:1      | Reached skill level 5 in Conjurations
   764 | D:1      | Reached XP level 3. HP: 19/19 MP: 8/10
  1021 | D:2      | Found a snail-covered altar of Cheibriados.
  1244 | D:2      | Reached skill level 6 in Conjurations
  1364 | D:2      | Reached XP level 4. HP: 24/24 MP: 7/13
  1524 | D:2      | Found a deep blue altar of Sif Muna.
  1831 | D:3      | Reached XP level 5. HP: 24/28 MP: 3/16
  1838 | D:3      | Reached skill level 7 in Conjurations
  1845 | D:3      | Learned a level 5 spell: Iskenderun's Battlesphere
  1944 | D:3      | Reached skill level 1 in Charms
  1999 | D:3      | Found an iron altar of Okawaru.
  2304 | D:3      | Found a shadowy altar of Dithmenos.
  2433 | D:3      | Noticed Natasha
  2450 | D:3      | Killed from afar by a white imp

Action                   |  1- 3 |  4- 6 || total
-------------------------+-------+-------++-------
 Cast: Magic Dart        |    83 |    92 ||   175
       Searing Ray       |     1 |     6 ||     7
  Eat: Chunk             |     1 |     4 ||     5
